Map: 파라 사이트 - 래더

Players

FanTaSy

  • Race: Terran Terran
  • League: Grandmaster
  • Spawn Location: 5:00

soO - Winner!

  • Race: Zerg Zerg
  • Spawn Location: 11:00

Event: IEM Season 13 - Katowice Server Qualifiers Asia 2

VOD

Have the link to the VOD?

Description

Time

  • Played on: Jan. 22, 2019, 5:05 a.m.
  • Length: 11:25

All games in this series

Show
View Real Time Build Order
Export as new Build Order

FanTaSy Terran 

Build Orders: Command Center First (CC), Hellion Opening 

Get SALT Encoding   

  12  0:00  SCV  
  13  0:12  SCV  
  14  0:16  Supply Depot  
  14  0:25  SCV  
  15  0:38  SCV  
  16  0:50  SCV  
  17  0:58  Command Center  
  17  1:02  SCV  
  18  1:11  Barracks  
  18  1:15  SCV  
  19  1:20  Refinery  
  19  1:27  SCV  
  19  1:31  Refinery  
  20  1:39  SCV  
  21  1:58  Orbital Command  
  21  2:01  Reaper  
  22  2:10  Orbital Command  
  22  2:20  Factory  
  22  2:24  SCV  
  23  2:33  Barracks Reactor  
  23  2:36  SCV x2  
  25  2:48  SCV x2  
  25  2:50  Command Center  
  27  3:00  SCV x2  
  27  3:03  Supply Depot  
  29  3:12  SCV x2  
  31  3:15  Hellion x2  
  31  3:17  Marine  
  36  3:24  SCV x2  
  38  3:36  Supply Depot, Hellion x2, SCV x2  
  44  3:48  SCV  
  44  3:49  SCV  
  44  3:51  Factory  
  44  3:53  Factory  
  46  3:59  Hellion x2  
  50  4:03  Orbital Command  
  50  4:04  SCV  
  50  4:05  SCV  
  52  4:10  Refinery x2  
  52  4:16  SCV  
  54  4:17  SCV  
  54  4:21  Hellion x2  
  56  4:29  SCV x2  
  57  4:37  Factory Tech Lab x2  
  49  4:41  SCV x2, Orbital Command  
  49  4:42  Hellion x2  
  55  4:53  SCV  
  55  4:54  SCV  
  55  4:56  Cyclone x2, Infernal Pre-Igniter, Mag-Field Accelerator  
  55  4:57  Supply Depot  
  63  5:05  SCV  
  63  5:06  SCV  
  62  5:07  Hellion x2  
  62  5:15  SCV  
  62  5:17  SCV  
  62  5:18  SCV  
  62  5:20  Armory x2  
  65  5:25  Supply Depot  
  65  5:27  SCV  
  66  5:29  SCV  
  66  5:34  Hellion  
  69  5:41  Hellion, Cyclone x2  
  77  5:47  SCV x3  
  77  5:48  Supply Depot  
  80  5:50  Supply Depot  
  80  5:59  SCV x3, Hellion  
  85  6:09  Terran Vehicle Weapons Level 1, Terran Vehicle And Ship Armor Level 1  
  85  6:10  Hellion  
  85  6:11  SCV x2  
  89  6:12  SCV  
  89  6:17  Cyclone x2  
  96  6:21  Supply Depot  
  96  6:23  SCV x2  
  96  6:24  SCV, Supply Depot  
  99  6:30  Factory  
  99  6:33  Factory  
  99  6:42  Hellion  
  99  6:43  Hellion  
  103  6:48  SCV x3  
  103  6:51  Engineering Bay  
  104  6:55  Cyclone x2  
  104  6:59  Refinery  
  104  7:00  Refinery  
  110  7:02  Supply Depot  
  110  7:03  Supply Depot  
  110  7:04  SCV x2  
  110  7:05  SCV  
  110  7:06  Supply Depot  
  110  7:08  Hellion x2  
  105  7:32  Factory Tech Lab, Cyclone x2  
  105  7:33  Factory Reactor  
  105  7:34  Hellion x2  
  105  7:36  SCV x3  
  113  7:40  Missile Turret, Supply Depot  
  113  7:41  Supply Depot  
  113  7:42  Missile Turret  
  113  7:48  SCV x3  
  116  7:58  Cyclone  
  117  7:59  Hellion  
  117  8:04  Cyclone x2  
  120  8:06  Hellion  
  120  8:08  Terran Vehicle Weapons Level 2, Terran Vehicle And Ship Armor Level 2  
  122  8:15  Hellion x2  
  111  8:30  Cyclone  
  111  8:33  Hellion  
  111  8:34  Hellion  
  116  8:36  Hellion x2, Cyclone x2  
  116  8:39  Command Center  
  123  8:43  Supply Depot  
  123  8:52  Factory x2  
  123  8:54  Factory  
  123  9:02  Hellion x4, Cyclone  
  132  9:08  Cyclone  
  132  9:09  Cyclone  
  136  9:15  SCV x2  
  136  9:16  SCV  
  136  9:19  Supply Depot  
  136  9:31  Hellion x4  
  142  9:34  Cyclone  
  147  9:40  Cyclone  
  147  9:41  Cyclone  
  147  9:43  SCV x3  
  153  9:57  Factory Tech Lab, Factory Reactor  
  153  9:58  Factory Tech Lab  
  153  9:59  Hellion  
  140  10:00  Hellion x3  
  140  10:06  Cyclone  
  125  10:13  Cyclone x2  
  110  10:17  Cyclone  
  110  10:18  Cyclone  
  110  10:21  Hellion x4  
  82  10:37  Hellion x2  
  82  10:38  Cyclone  
  82  10:42  Hellion  
  89  10:45  Cyclone x2  
  89  10:47  Hellion x3  
  97  10:50  Hellion, Cyclone  
Show
View Real Time Build Order
Export as new Build Order

soO Zerg - Winner!

Build Orders: Hatch First, Roach Hydra 

Get SALT Encoding   

  12  0:00  Drone  
  13  0:12  Overlord  
  13  0:17  Drone  
  14  0:30  Drone x2  
  14  0:33  Drone  
  17  0:50  Hatchery  
  17  0:53  Drone  
  17  0:57  Drone  
  18  1:07  Extractor  
  17  1:11  Spawning Pool  
  17  1:14  Drone  
  17  1:17  Drone  
  18  1:28  Drone  
  19  1:38  Overlord  
  19  1:52  Drone  
  20  1:58  Queen  
  20  1:59  Zergling x2  
  23  2:01  Queen  
  23  2:02  Zergling x2  
  23  2:07  Metabolic Boost  
  26  2:11  Drone  
  26  2:13  Drone  
  28  2:28  Hatchery  
  27  2:30  Drone  
  27  2:32  Drone  
  29  2:38  Drone x2  
  31  2:45  Queen  
  31  2:50  Overlord  
  33  2:52  Drone  
  33  2:55  Drone  
  33  2:57  Drone  
  36  3:08  Drone  
  36  3:09  Drone  
  36  3:10  Drone  
  36  3:12  Drone x2  
  41  3:18  Overlord  
  41  3:20  Drone  
  41  3:21  Queen  
  44  3:27  Overlord  
  44  3:38  Drone  
  44  3:40  Queen, Drone  
  48  3:41  Drone  
  48  3:46  Drone x2  
  48  3:48  Drone x2  
  53  3:49  Lair  
  53  3:51  Drone x2  
  55  3:55  Drone  
  55  3:56  Drone x2  
  55  3:57  Drone  
  59  4:02  Extractor  
  59  4:03  Extractor  
  59  4:05  Roach Warren, Drone  
  59  4:08  Zergling x4  
  59  4:10  Zergling x2  
  60  4:17  Overlord, Drone  
  60  4:23  Zergling x4  
  59  4:34  Drone x3  
  59  4:35  Drone x2  
  63  4:40  Drone x3  
  63  4:45  Drone x3  
  69  4:46  Drone  
  70  4:55  Glial Reconstitution  
  70  4:56  Drone x2  
  70  4:58  Extractor  
  71  5:04  Roach  
  73  5:10  Roach  
  73  5:13  Roach  
  74  5:18  Roach  
  74  5:19  Overlord x2  
  74  5:22  Overlord  
  74  5:23  Overlord, Evolution Chamber  
  74  5:24  Evolution Chamber  
  74  5:26  Drone x2  
  74  5:30  Extractor  
  74  5:31  Extractor  
  72  5:36  Drone x2  
  74  5:44  Drone x2  
  74  5:45  Hatchery, Drone x2  
  74  5:46  Drone x3  
  74  5:47  Roach x2, Infestation Pit  
  83  5:50  Zerg Missile Weapons Level 1  
  83  5:51  Zerg Ground Armor Level 1  
  83  5:52  Drone  
  84  5:58  Roach x2  
  84  6:03  Drone x3  
  91  6:04  Overlord  
  91  6:11  Drone  
  92  6:12  Drone x2  
  92  6:13  Drone  
  92  6:16  Roach x2  
  99  6:23  Roach x5  
  109  6:28  Hive  
  109  6:29  Drone  
  110  6:32  Hydralisk Den  
  110  6:38  Roach x2  
  113  6:40  Ravager  
  113  6:41  Overlord  
  113  6:45  Overlord  
  112  6:49  Overlord  
  112  6:50  Overlord  
  110  6:54  Overlord  
  110  6:57  Zergling x2  
  110  6:58  Zergling x2  
  110  6:59  Overlord  
  112  7:02  Zergling x14  
  112  7:05  Grooved Spines  
  112  7:06  Drone x4  
  112  7:08  Infestor x2  
  125  7:15  Drone  
  128  7:17  Extractor  
  128  7:22  Drone x5  
  132  7:28  Extractor  
  121  7:35  Hydralisk x10  
  140  7:37  Drone x2  
  140  7:40  Overlord  
  140  7:41  Overlord  
  142  7:46  Viper  
  142  7:48  Viper  
  140  8:02  Hydralisk x5  
  148  8:05  Drone  
  148  8:08  Zergling x14  
  156  8:14  Viper  
  156  8:16  Overlord, Muscular Augments  
  156  8:18  Overlord  
  144  8:39  Hydralisk x5  
  155  8:41  Drone, Zerg Missile Weapons Level 2  
  155  8:42  Zerg Ground Armor Level 2  
  155  8:54  Hatchery  
  155  8:55  Hydralisk x3  
  154  8:56  Roach x3  
  154  9:00  Overlord  
  160  9:13  Hydralisk x10  
  160  9:16  Overlord  
  180  9:20  Drone x2  
  182  9:26  Drone x2  
  182  9:27  Spine Crawler, Hydralisk x4  
  182  9:28  Spine Crawler  
  182  9:30  Overlord  
  190  9:36  Zergling x6  
  190  9:37  Zergling x6  
  197  9:40  Hatchery  
  197  9:41  Hydralisk  
  197  9:42  Hydralisk  
  198  9:52  Hydralisk  
  198  9:56  Hydralisk x2  
  195  10:02  Drone x3  
  190  10:21  Hydralisk x8  
  180  10:22  Hydralisk  
  189  10:35  Hydralisk x4  
  189  10:36  Hydralisk  
  189  10:41  Drone x3  
  200  10:48  Overlord  
  194  10:55  Hydralisk x4  
  194  10:56  Hydralisk  
  200  11:01  Extractor  
  187  11:05  Extractor  

Tags
 
Add a new tag
Caveats
  • Supply blocks, unpowered buildings, or Contaminate may cause inaccurate times.
  • Supply counts are checked every 10 seconds.